 Dungeon Crawl Stone Soup version 0.17-a0-1787-g4aeb8be (webtiles) character file.

5493 Gargoyl the Cleaver (level 10, -5/80 HPs)
             Began as a Demonspawn Abyssal Knight on Sept 8, 2015.
             Was a High Priest of Lugonu.
             Killed by drain life
             ... invoked by a soul eater
              (8 damage)
             ... on level 1 of the Abyss on Sept 9, 2015.
             The game lasted 00:38:20 (9616 turns).

Gargoyl the Cleaver (Demonspawn Abyssal Knight)     Turns: 9616, Time: 00:38:21

Health: -5/80      AC: 28    Str: 15    XL:     10   Next: 42%
Magic:  0/12       EV:  6    Int: 15    God:    Lugonu [*****.]
Gold:   663        SH:  5    Dex: 16    Spells: 0 memorised, 9 levels left

rFire  . . .     SeeInvis .     R - +3 war axe
rCold  . . .     Clarity  +     b - +7 plate armour
rNeg   . . .     SustAt   .     B - +0 buckler of Royalty {+Blink Dex+2}
rPois  +         Gourm    .     (helmet restricted)
rElec  .         Spirit   +     k - +0 cloak
rCorr  .         Warding  .     M - +2 pair of gloves
rMut   .         Stasis   .     v - +2 pair of boots
MR     +....                    L - amulet of clarity
Stlth  ..........               s - ring of protection from magic
                                f - ring of stealth

@: somewhat resistant to hostile enchantments, extremely unstealthy
A: horns 1, talons 2, clever 1, demonic guardian 1, poison resistance, magic
shield, magic regeneration, magic link
a: Depart the Abyss, Bend Space, Banish, Corrupt, Enter the Abyss, Renounce
Religion, Evoke Blink


You were on level 1 of the Abyss.
You worshipped Lugonu.
Lugonu was extremely pleased with you.
You were not hungry.

You visited 1 branch of the dungeon, and saw 8 of its levels.
You visited the Abyss 2 times.
You also visited: Ossuary and Bailey.

You collected 663 gold pieces.

Inventory:

Hand weapons
 J - a +2 flail of venom
 R - a +3 war axe (weapon)
Missiles
 G - 4 silver tomahawks (quivered)
Armour
 b - a +7 plate armour (worn)
 k - a +0 cloak (worn)
 v - a +2 pair of boots (worn)
 B - the +0 buckler of Royalty (worn) {+Blink Dex+2}
   (You found it on level 5 of the Dungeon)

   It affects your dexterity (+2).
   It lets you blink.
 M - a +2 pair of gloves (worn)
Jewellery
 f - a ring of stealth (left hand)
 s - a ring of protection from magic (right hand)
 L - an amulet of clarity (around neck)
Magical devices
 g - a wand of digging (7)
 i - a wand of polymorph (7)
 o - a wand of flame (26)
 x - a wand of teleportation (9)
 P - a wand of draining (6)
Scrolls
 d - 2 scrolls of fog
 l - a scroll of fear
 n - 3 scrolls of remove curse
 q - 2 scrolls of amnesia
 y - a scroll of enchant weapon
 I - 2 scrolls of recharging
 Q - 2 scrolls of teleportation
Potions
 e - a potion of degeneration
 p - 3 potions of might
 z - 2 potions of agility
 A - 3 potions of resistance
 D - a potion of cancellation
 H - 2 potions of brilliance
Books
 m - a Young Poisoner's Handbook

   Spells                             Type                      Level
   a - Sting                          Conjuration/Poison           1
   b - Cure Poison                    Poison                       2
   c - Mephitic Cloud                 Conjuration/Poison/Air       3
   d - Olgreb's Toxic Radiance        Poison                       4
   e - Venom Bolt                     Conjuration/Poison           5
 K - a book of Spatial Translocations

   Spells                             Type                      Level
   a - Apportation                    Translocation                1
   b - Blink                          Translocation                2
   c - Shroud of Golubria             Charms/Translocation         2
   d - Portal Projectile              Translocation                3
   e - Teleport Other                 Translocation                3
   f - Passage of Golubria            Translocation                4
Comestibles
 a - 2 slices of pizza
 c - 7 bread rations
 C - a meat ration
 F - 5 fruits


   Skills:
 + Level 8.1 Fighting
 + Level 8.4 Axes
 + Level 0.3 Throwing
 + Level 7.8 Armour
 + Level 2.8 Dodging
 + Level 1.9 Stealth
 + Level 3.9 Shields
 + Level 3.4 Invocations
 + Level 0.2 Evocations


You had 9 spell levels left.
You didn't know any spells.

Dungeon Overview and Level Annotations

Branches:
Dungeon (8/15)             Temple (0/1) D:5
   Lair: D:8-11

Altars:
Ashenzari
Cheibriados
Fedhas
Nemelex Xobeh
Okawaru
Qazlal
Ru
Xom
Yredelemnul
Zin
The Shining One


Innate Abilities, Weirdness & Mutations

You have a pair of small horns on your head.
You have razor-sharp toenails.
A weak demonic guardian rushes to your aid.
When hurt, damage is shared between your health and your magic reserves.
You regenerate magic rapidly.
When low on magic, you restore magic in place of health.
Your mind is acute. (Int +2)
Your system is resistant to poisons.


Message History

Use which ability?
You fail to use your ability.
The orc warrior hits you but does no damage.
The goblin closely misses you. The gnoll hits you but does no damage.
Use which ability?
You fail to use your ability.
The orc warrior hits you but does no damage.
You block the orc warrior's attack. The gnoll hits you but does no damage.
The goblin completely misses you.
Use which ability?
You fail to use your ability.
You block the orc warrior's attack.
The orc warrior hits you but does no damage.
The gnoll hits you but does no damage. The goblin hits you but does no damage.
Use which ability?
To return, you must find a gate leading back.
Welcome to the Abyss!
You feel quite a bit more hungry.
You start resting.
A soul eater materialises.
The soul eater draws from the surrounding life force!
You die...

.##.....
##....#..
.#.....#'
#.......§##
.........3#
........§.#
#...⌠.....#
..........#
.......@5.#
.........##
.......###
####...
###♣


You could see a soul eater and a friendly ufetubus.

Vanquished Creatures
  Edmund (D:6)
  11 orc warriors
  3 centaurs
  3 ice beasts
  2 sky beasts
  5 ogres
  A big kobold (D:7)
  3 giant frogs
  2 gnoll sergeants
  A scorpion (D:8)
  A water moccasin skeleton (D:4)
  4 crimson imps
  A centaur zombie (D:6)
  2 giant frog zombies
  5 orc priests
  A gnoll shaman (D:6)
  3 orc wizards
  4 iguanas
  5 hounds
  A giant frog skeleton (D:6)
  A centaur skeleton (D:4)
  9 worker ants
  5 big kobold zombies (Ossuary)
  A hound skeleton (D:4)
  3 mummies
  A worker ant zombie (D:5)
  9 adders
  30 gnolls
  A shadow imp (D:5)
  3 adder skeletons
  6 adder zombies
  7 giant geckos
  20 orcs
  4 ball pythons
  10 bats
  4 giant cockroaches
  3 gnoll zombies (Ossuary)
  22 goblins
  32 hobgoblins
  10 jackals
  9 kobolds
  A giant gecko skeleton (D:4)
  3 giant newts
  A goblin zombie (D:4)
  5 hobgoblin zombies
  6 kobold zombies (Ossuary)
  3 orc zombies (Ossuary)
  2 quokkas
  6 rats
276 creatures vanquished.

Vanquished Creatures (collateral kills)
  2 ogres
  A water moccasin zombie (Ossuary)
  A scorpion (D:4)
  A hound (D:7)
  A jelly (D:7)
  A worker ant (D:4)
  A big kobold zombie (Ossuary)
  A shadow imp (D:5)
  3 orcs
  2 goblins (Bailey)
  2 orc zombies (Ossuary)
16 creatures vanquished.

Vanquished Creatures (others)
  An orc knight (Bailey)
  4 starspawn tentacles (Abyss:1)
5 creatures vanquished.

Grand Total: 297 creatures vanquished

Notes
Turn   | Place    | Note
--------------------------------------------------------------
     0 | Abyss:1  | Gargoyl the Demonspawn Abyssal Knight began the quest for the Orb.
     0 | Abyss:1  | Reached XP level 1. HP: 18/18 MP: 2/2
    44 | Abyss:1  | Found a corrupted altar of Lugonu.
    45 | Abyss:1  | Found a corrupted altar of Lugonu.
    55 | Abyss:1  | Found a corrupted altar of Lugonu.
    90 | Abyss:1  | Found a shimmering altar of Xom.
   124 | Abyss:1  | Noticed a tentacled starspawn
   136 | Abyss:1  | Noticed a wraith
   144 | Abyss:1  | Noticed a small abomination
   144 | Abyss:1  | Noticed a smoke demon
   147 | D:1      | Escaped the Abyss
   203 | D:1      | Found a snail-covered altar of Cheibriados.
   284 | D:1      | Reached skill level 1 in Dodging
   284 | D:1      | Gained mutation: When hurt, damage is shared between your health and your magic reserves. [demonic ancestry]
   284 | D:1      | Reached XP level 2. HP: 21/24 MP: 3/3
   406 | D:1      | Acquired Lugonu's first power
   900 | D:2      | Gained mutation: You have a pair of small horns on your head. [demonic ancestry]
   900 | D:2      | Reached XP level 3. HP: 16/29 MP: 2/5
   901 | D:2      | Upgraded the game from 0.17-a0-1775-g10da671 to 0.17-a0-1787-g4aeb8be
  1349 | D:2      | Found a basalt altar of Yredelemnul.
  1399 | D:2      | Gained mutation: You regenerate magic rapidly. [demonic ancestry]
  1399 | D:2      | Reached XP level 4. HP: 22/36 MP: 4/6
  1519 | D:2      | Acquired Lugonu's second power
  2109 | D:3      | Reached skill level 4 in Fighting
  2510 | D:4      | Reached XP level 5. HP: 31/42 MP: 7/7
  2514 | D:4      | Reached skill level 1 in Shields
  2713 | D:4      | Gained mutation: A weak demonic guardian rushes to your aid. [demonic ancestry]
  2713 | D:4      | Reached XP level 6. HP: 32/48 MP: 8/8
  2725 | D:4      | Acquired Lugonu's third power
  2859 | D:4      | Found a sand-covered staircase.
  2876 | Ossuary  | Entered an ossuary
  3162 | Ossuary  | Acquired Lugonu's fourth power
  3211 | Ossuary  | Gained mutation: When low on magic, you restore magic in place of health. [demonic ancestry]
  3211 | Ossuary  | Reached XP level 7. HP: 33/55 MP: 6/9
  3852 | D:5      | Entered Level 5 of the Dungeon
  3858 | D:5      | Reached skill level 5 in Fighting
  4071 | D:5      | Found a staircase to the Ecumenical Temple.
  4204 | D:5      | Got a bloodstained buckler
  4205 | D:5      | Identified the cursed +0 buckler of Royalty {+Blink Dex+2} (You found it on level 5 of the Dungeon)
  4654 | D:6      | Noticed Edmund
  4679 | D:6      | Killed Edmund
  5210 | D:6      | Found a stormy altar of Qazlal.
  5235 | D:6      | Reached skill level 5 in Armour
  5235 | D:6      | Gained mutation: You have sharp toenails. [demonic ancestry]
  5235 | D:6      | Reached XP level 8. HP: 51/63 MP: 8/10
  5321 | D:6      | Acquired Lugonu's fifth power
  5353 | D:6      | Reached skill level 5 in Axes
  5516 | D:6      | Found a sparkling altar of Nemelex Xobeh.
  5683 | D:6      | Found a sacrificial altar of Ru.
  5683 | D:6      | Found a shimmering altar of Xom.
  5776 | D:6      | Reached skill level 6 in Fighting
  5959 | D:6      | Found a shattered altar of Ashenzari.
  6447 | D:7      | Found a blossoming altar of Fedhas.
  6781 | D:7      | Reached XP level 9. HP: 39/69 MP: 7/11
  7490 | D:7      | Reached skill level 1 in Stealth
  7746 | D:7      | Reached skill level 7 in Axes
  8255 | D:8      | Found a glowing golden altar of the Shining One.
  8311 | D:7      | Found an iron altar of Okawaru.
  8312 | D:7      | Found a glowing golden altar of the Shining One.
  8646 | D:8      | Found a glowing silver altar of Zin.
  8699 | D:8      | Found a flagged portal.
  8708 | Bailey   | Entered a bailey
  8921 | Bailey   | Reached XP level 10. HP: 64/80 MP: 10/12
  9221 | Bailey   | Reached skill level 8 in Axes
  9461 | Bailey   | Noticed an orc knight
  9461 | Bailey   | Noticed an orc warlord
  9512 | Bailey   | Banished an orc warlord
  9551 | Bailey   | Banished an orc knight
  9584 | Bailey   | HP: 4/80 [orc warrior/war axe (4)]
  9592 | Bailey   | Gained mutation: You have razor-sharp toenails. [potion of mutation]
  9592 | Bailey   | Gained mutation: Your mind is acute. (Int +2) [potion of mutation]
  9592 | Bailey   | Gained mutation: Your system is resistant to poisons. [potion of mutation]
  9593 | Bailey   | HP: 3/80 [gnoll/hand axe (1)]
  9615 | Abyss:1  | Noticed a soul eater
  9616 | Abyss:1  | Killed from afar by a soul eater

Vault maps used:
D:1:      dpeg_arrival_long_road, cheibriados_altar_1
D:2:      nicolae_overflow_crystal_walls
D:3:      first_bread, minivault_27
D:4:      nicolae_ossuary_entry_giza, minmay_bisected
D:5:      minmay_temple_entry_mist
D:6:      ashenzari_altar_1, lemuel_doored_altar, lemuel_round_altar,
          gammafunk_temple_overflow_wave, st_stairs_5, uniq_edmund
D:7:      kennysheep_housing_project, gammafunk_temple_overflow_statue,
          lemuel_round_altar, grunt_livestock, centaur_isle
D:8:      kennysheep_little_box, enter_bailey_7, st_stairs_9, tso_metal_star
Abyss:1:  evilmike_abyss_exit_15
Ossuary:  ossuary_tomb_2
Bailey:   bailey_axe_minmay_hex_keep, bailey

Action                   |  1- 3 |  4- 6 |  7- 9 | 10-12 || total
-------------------------+-------+-------+-------+-------++-------
Melee: Hand axe          |   136 |   331 |     4 |       ||   471
       War axe           |       |       |   518 |    71 ||   589
Throw: Tomahawk          |       |       |     6 |       ||     6
Invok: Depart the Abyss  |     1 |       |       |       ||     1
       Banish            |       |       |       |     4 ||     4
       Bend Space        |       |       |       |     2 ||     2
       Enter the Abyss   |       |       |       |     1 ||     1
 Abil: Evoke Blink       |       |       |       |     2 ||     2
  Use: Potion            |     2 |       |     2 |    22 ||    26
       Scroll            |       |       |    23 |     5 ||    28
 Stab: Distracted        |       |       |     3 |       ||     3
  Eat: Chunk             |     2 |     1 |       |       ||     3
       Royal jelly       |       |     1 |       |       ||     1
       Beef jerky        |       |     1 |       |       ||     1
       Bread ration      |       |     1 |     2 |       ||     3
       Fruit             |       |       |     9 |     2 ||    11
       Meat ration       |       |       |       |     1 ||     1
